 Dungeon Crawl Stone Soup version 0.21-a0-196-g6a663c0 (webtiles) character file.

871 Goblin1989 the Skirmisher (level 7, -5/59 HPs)
             Began as a Demonspawn Assassin on Aug 15, 2017.
             Was a Follower of Wu Jian.
             Slain by an orc
             ... wielding a +2 hand axe of electrocution
              (15 damage)
             ... on level 5 of the Dungeon on Aug 16, 2017.
             The game lasted 00:18:42 (5069 turns).

Goblin1989 the Skirmisher (Demonspawn Assassin)     Turns: 5069, Time: 00:18:43

Health: -5/59      AC:  8    Str: 14    XL:     7   Next: 73%
Magic:  0/7        EV: 16    Int: 12    God:    Wu Jian [*.....]
Gold:   108        SH:  0    Dex: 14    Spells: 6/6 levels left

rFire    . . .     SeeInvis .   H - +0 dire flail
rCold    . . .     Gourm    .   (shield currently unavailable)
rNeg     . . .     Faith    +   P - +0 ring mail
rPois    .         Spirit   +   V - +0 helmet
rElec    .         Reflect  .   d - +0 cloak
rCorr    +         Harm     .   (no gloves)
MR       .....                  (no boots)
Stlth    +++.......             v - amulet of faith {!P}
HPRegen  0.19/turn              g - ring of resist corrosion
MPRegen  0.20/turn              X - +4 ring of evasion

@: no status effects
A: rugged brown scales 1, nightstalker 1, magic shield, magic regeneration,
magic link
a: Renounce Religion


You were on level 5 of the Dungeon.
You worshipped Wu Jian.
Wu Jian was aware of your devotion.
You were not hungry.

You visited 1 branch of the dungeon, and saw 7 of its levels.
You also visited: Ossuary.

You collected 273 gold pieces.
You spent 165 gold pieces at shops.

Inventory:

Hand Weapons
 a - a +2 dagger
 w - a +0 blowgun {@w1}
 F - a +0 dagger of protection
 H - a +0 dire flail (weapon)
 Y - a +0 whip
Missiles
 f - 2 curare-tipped needles
 s - 20 sling bullets
 B - 20 poisoned needles
 G - 103 stones (quivered)
 K - 9 bolts
Armour
 c - a +0 pair of gloves
 d - a +0 cloak (worn)
 n - a cursed +0 pair of boots
 P - a +0 ring mail (worn)
 V - a +0 helmet (worn)
Jewellery
 g - a ring of resist corrosion (left hand)
 v - an amulet of faith (around neck) {!P}
 x - an uncursed ring of stealth
 X - a +4 ring of evasion (right hand)
Wands
 l - a wand of digging (11/24)
 E - a wand of polymorph (12/24)
 I - a wand of iceblast (9/15)
Scrolls
 h - a scroll of vulnerability {unknown}
 j - 3 scrolls of enchant armour {unknown}
 t - a scroll of blinking {unknown}
 y - 3 scrolls of remove curse {@r2}
 D - 2 scrolls of immolation {unknown}
 M - a scroll of magic mapping
 R - 4 scrolls of identify {@r1}
 S - a scroll of fear {unknown}
 T - 2 scrolls of teleportation {!r, @r3}
 W - a scroll of fog {unknown}
 Z - a scroll of enchant weapon {unknown}
Potions
 i - a potion of degeneration {unknown}
 k - a potion of lignification
 o - 2 potions of magic {unknown}
 q - a potion of mutation {unknown}
 u - a potion of cancellation {unknown}
 z - 2 potions of flight
 A - 3 potions of curing {@q1}
 C - a potion of ambrosia {unknown}
 J - 4 potions of heal wounds {@q2, !q}
 L - 4 potions of agility
 O - a potion of invisibility {unknown}
 Q - a potion of berserk rage {unknown}
 U - a potion of resistance
Comestibles
 e - 2 bread rations {@e1}
 m - 2 chunks of flesh
 p - a royal jelly
 r - a meat ration {@e2}
 N - 4 fruits


   Skills:
 + Level 6.1 Fighting
 - Level 1.7 Short Blades
 * Level 4.6 Maces & Flails
 - Level 1.7 Throwing
 + Level 3.5 Dodging
 - Level 3.6 Stealth


You had 6 spell levels left.
You didn't know any spells.

Dungeon Overview and Level Annotations

Branches:
Dungeon (7/15)
 Temple: D:4-7

Altars:
Ashenzari
Dithmenos
Qazlal
Wu Jian
Xom

Shops:
D:5 !   D:6 (

Annotations:
D:5 Dowan


Innate Abilities, Weirdness & Mutations

You are partially covered in rugged brown scales. (AC +1, +3% HP)
You are slightly more attuned to the shadows.
When hurt, damage is shared between your health and your magic reserves.
You regenerate magic rapidly.
When low on magic, you restore magic in place of health.


Message History

You puncture the wyvern skeleton!
The wyvern skeleton is heavily damaged.
The wyvern skeleton misses you. x2
You puncture the wyvern skeleton!
The wyvern skeleton is almost destroyed.
The wyvern skeleton bites you!
* * * LOW HITPOINT WARNING * * *
You take 8 damage, and have 3/59 hp.
You now have 2/7 mp.
Unknown command.
You thump the wyvern skeleton!
You destroy the wyvern skeleton!
The Council accepts your kill.
Unknown command.
You open the door.
There is an open door here.
An orc comes into view.
The orc shouts!
Found a stone staircase leading up.
The orc hits you but does no damage.
You puncture the orc!
You kill the orc!
The Council accepts your kill.
MP restored: 7 You see here an orc corpse.
You butcher the orc corpse.
m - 2 chunks of flesh
There is a stone staircase leading up here.
You climb upwards.
There is a stone staircase leading down here.
Found a stone staircase leading up.
Found a stone staircase leading up.
There is a stone staircase leading up here.
A crimson imp comes into view.
A crimson imp comes into view.
The crimson imp shouts!
You see here a pair of gloves.
c - a pair of gloves The crimson imp misses you.
A worker ant comes into view.
The crimson imp blinks!
You closely miss the crimson imp. The crimson imp misses you.
You hit the crimson imp.
The crimson imp is lightly wounded.
The crimson imp hits you but does no damage.
You closely miss the crimson imp.
The crimson imp is lightly wounded.
The crimson imp misses you.
You closely miss the crimson imp.
The crimson imp hits you but does no damage.
The crimson imp barely misses you.
You closely miss the crimson imp. The crimson imp hits you.
* * * LOW HITPOINT WARNING * * *
You take 1 damage, and have 10/59 hp.
You now have 6/7 mp.
The crimson imp shouts, "Take thy face hence, thou jarring two-tin-hat flirt-gill!"
MP restored: 7 The crimson imp blinks! x2
The crimson imp blinks!
The crimson imp blinks!
Found Pogry's Antique Weapon Boutique.
The crimson imp hits you.
* * * LOW HITPOINT WARNING * * *
You take 2 damage, and have 11/59 hp.
You now have 6/7 mp.
MP restored: 7 The crimson imp summons a swarm of flies.
There is a stone staircase leading up here.
The crimson imp blinks!
You climb upwards.
You hear the sound of rushing water.
There is an entrance to a sewer on this level.
Hurry and find it before the portal rusts away!
You hear the rapid rusting of a very distant drain.
Level annotation: Dowan
There is a stone staircase leading down here.
Your ring mail prevents you from hitting the crimson imp.
The crimson imp misses you.
You thump the crimson imp!
The crimson imp is severely wounded.
The crimson imp closely misses you.
You sock the crimson imp!
You kill the crimson imp!
The Council accepts your kill.
As you read the scroll labeled RIOBIPL PIAR, it crumbles to dust.
It is a scroll of identify.
A - 3 potions of curing;
R - 4 scrolls of identify
y - 4 scrolls labeled VEZYRISETSOR
As you read the scroll labeled HOPSIY VIOGA, it crumbles to dust.
You feel strangely unstable.
It was a scroll of teleportation.
T - 2 scrolls of teleportation;
W - a scroll labeled QUPHAEK MOOSYDDUM Unknown command.
As you read the scroll labeled VEZYRISETSOR, it crumbles to dust.
You feel blessed for a moment.
It was a scroll of remove curse.
Unknown command.
As you read the scroll labeled CEPROK VUONEW, it crumbles to dust.
You feel aware of your surroundings.
You sensed 1 altar, and 1 shop/portal.
It was a scroll of magic mapping.
M - a scroll of magic mapping;
Q - a fizzy emerald potion Your surroundings suddenly seem different.
The orc hits you with a runed hand axe!
* * * LOW HITPOINT WARNING * * *
You are electrocuted!
You die...

████████..█.█
███████..█)█.██....
██.█.███..██.o.██.█.██....
█..........$████.█.███...
███.██.█.██........█...█.
█..█.█..█.█........███.
█..█.██.█.█.....█......
█..o.██......██....██..
█....oo.......).█.S..█.
██████████.██.█@..█........██.█.
█....██....████...█........█....
█.......█..█ █...█..█..........
█.....███..████...█.██..........
█████.........█...█>·██.......██
████..█████...█···.........·
█..█ ▓▓█...█·······▓▓··▓▓ █..█
▓·▓···▓·············
█████..███.█···▓·····▓▓▓▓▓▓··


You could see an orc wizard (wandering) and 2 orcs.

Vanquished Creatures
  Blork the orc (D:4)
  2 elf skeletons (D:7)
  A wyvern skeleton (D:7)
  A howler monkey (D:4)
  4 centaur zombies (Ossuary)
  A crimson imp (D:5)
  3 human zombies (Ossuary)
  A bullfrog skeleton (D:4)
  A centaur skeleton (D:4)
  An orc wizard (D:5)
  A human skeleton (D:7)
  Ijyb (D:5)
  A worker ant (D:4)
  2 mummies (Ossuary)
  5 adders
  An ooze (D:1)
  5 worms
  An adder skeleton (D:5)
  3 dart slugs (D:1)
  2 leopard geckos
  4 orcs
  2 ball pythons
  8 giant cockroaches
  4 goblins
  13 hobgoblins
  6 jackals
  6 kobolds
  2 quokkas
  6 bats
  5 frilled lizards
  3 orc skeletons (D:7)
  10 rats
107 creatures vanquished.

Notes
Turn   | Place    | Note
-------+----------+-------------------------------------------
     0 | D:1      | Goblin1989 the Demonspawn Assassin began the quest for the Orb.
     0 | D:1      | Reached XP level 1. HP: 16/16 MP: 1/1
     0 | D:1      | Upgraded the game from 0.21-a0-193-g085b6a0 to 0.21-a0-196-g6a663c0
   618 | D:1      | Gained mutation: When hurt, damage is shared between your health and your magic reserves. [demonic ancestry]
   618 | D:1      | Reached XP level 2. HP: 23/23 MP: 2/2
   661 | D:1      | Reached skill level 3 in Fighting
   861 | D:1      | Found a shattered altar of Ashenzari.
   865 | D:1      | Gained mutation: You are slightly more attuned to the shadows. [demonic ancestry]
   865 | D:1      | Reached XP level 3. HP: 27/29 MP: 3/3
  1567 | D:2      | Reached skill level 4 in Fighting
  1820 | D:2      | Found a stormy altar of Qazlal.
  2267 | D:2      | Reached XP level 4. HP: 37/37 MP: 4/4
  2335 | D:2      | Found a shadowy altar of Dithmenos.
  2934 | D:3      | Found an ornate altar of the Wu Jian Council.
  2946 | D:3      | Became a worshipper of the Wu Jian Council
  2996 | D:3      | Reached skill level 1 in Dodging
  3319 | D:4      | Reached skill level 5 in Fighting
  3319 | D:4      | Gained mutation: You are partially covered in rugged brown scales. (AC +1, +3% HP) [demonic ancestry]
  3319 | D:4      | Reached XP level 5. HP: 34/45 MP: 3/5
  3434 | D:4      | Noticed a phantom
  3600 | D:4      | Noticed Blork the orc
  3610 | D:4      | Killed Blork the orc
  3610 | D:4      | Reached skill level 1 in Maces & Flails
  3997 | D:4      | Gained mutation: You regenerate magic rapidly. [demonic ancestry]
  3997 | D:4      | Reached XP level 6. HP: 52/52 MP: 6/6
  4138 | D:4      | Reached * piety under Wu Jian
  4414 | D:5      | Entered Level 5 of the Dungeon
  4425 | D:5      | Noticed Dowan
  4495 | D:5      | Found a shimmering altar of Xom.
  4665 | D:5      | Found Elloro's Distillery.
  4665 | D:5      | Noticed Ijyb
  4680 | D:5      | Killed Ijyb
  4698 | D:5      | Bought a potion of heal wounds for 55 gold pieces
  4698 | D:5      | Bought a potion of lignification for 33 gold pieces
  4698 | D:5      | Bought a potion of agility for 44 gold pieces
  4698 | D:5      | Bought a potion of flight for 33 gold pieces
  4703 | D:5      | You fall through a shaft for 2 floors!
  4761 | D:7      | Gained mutation: When low on magic, you restore magic in place of health. [demonic ancestry]
  4761 | D:7      | Reached XP level 7. HP: 50/57 MP: 7/7
  4768 | D:7      | Found a sand-covered staircase.
  4773 | Ossuary  | Entered an ossuary
  4918 | Ossuary  | Reached skill level 6 in Fighting
  5043 | D:6      | Found Pogry's Antique Weapon Boutique.
  5069 | D:5      | Slain by an orc

Vault maps used:
D:1:      wheals_arrival_linesprint, evilmike_ruin_ashenzari
D:2:      grunt_dithmenos_smoke, grunt_qazlal_sundering
D:3:      overflow_temple_1_default
D:4:      nicolae_underground_beach, uniq_blork_the_orc
D:5:      lemuel_blue_sif_altar, serial_shops, shop, portal_sewer_entry_e,
          first_bread, basic_altar, uniq_ijyb, uniq_duvessa
D:6:      minmay_temple_entry_trees, serial_shops, shop, shop
D:7:      nicolae_ossuary_entry_catacombs, nrook_mini_vaults, the_bakery
Ossuary:  ossuary_minmay_four_chambers

Skill      XL: |  1  2  3  4  5  6  7 |
---------------+----------------------+-----
Fighting       | 3 4 5 6 |  6.1
Dodging        | 1 2 3 |  3.5
Maces & Flails | 2 3 4 |  4.6
Short Blades   | |  1.7
Throwing       | |  1.7
Stealth        | |  3.6

Action                   |  1- 3 |  4- 6 |  7- 9 || total
-------------------------+-------+-------+-------++-------
Melee: Dagger            |   162 |   114 |       ||   276
       Dire flail        |       |   138 |   110 ||   248
 Fire: Blowgun           |     3 |    16 |       ||    19
  Use: Scroll            |       |       |     4 ||     4
 Stab: Sleeping          |    11 |    12 |     2 ||    25
       Distracted        |       |     3 |       ||     3
  Eat: Chunk             |     4 |     8 |       ||    12
       Bread ration      |       |       |     1 ||     1
Armor: Robe              |    36 |    18 |       ||    54
       Ring mail         |       |    38 |    28 ||    66
Dodge: Dodged            |    85 |   153 |    49 ||   287

Vault maps used:
D:1:      wheals_arrival_linesprint, evilmike_ruin_ashenzari
D:2:      grunt_dithmenos_smoke, grunt_qazlal_sundering
D:3:      overflow_temple_1_default
D:4:      nicolae_underground_beach, uniq_blork_the_orc
D:5:      lemuel_blue_sif_altar, serial_shops, shop, portal_sewer_entry_e,
          first_bread, basic_altar, uniq_ijyb, uniq_duvessa
D:6:      minmay_temple_entry_trees, serial_shops, shop, shop
D:7:      nicolae_ossuary_entry_catacombs, nrook_mini_vaults, the_bakery
Ossuary:  ossuary_minmay_four_chambers
